 Dungeon Crawl Stone Soup version 0.26.1-11-gd32895ea62 (webtiles) character file.

Game seed: 9238554485726123772

595 Zeld the Cutter (level 7, -1/45 HPs)
             Began as an Octopode Brigand on May 13, 2021.
             Slain by Duvessa
             ... wielding a +0 short sword
              (7 damage)
             ... on level 4 of the Dungeon.
             The game lasted 00:07:04 (5222 turns).

Zeld the Cutter (Octopode Brigand)                  Turns: 5222, Time: 00:07:05

Health: -1/45      AC:  1    Str: 12    XL:     7   Next: 40%
Magic:  14/14      EV: 13    Int: 13    God:
Gold:   185        SH:  0    Dex: 14    Spells: 15/15 levels left

rFire    . . .     SeeInvis .   a - +2 dagger
rCold    . . .     Faith    .   (no shield)
rNeg     . . .     Spirit   .   (helmet restricted)
rPois    .         Reflect  .   (no amulet)
rElec    .         Harm     .   (no ring)
rCorr    .         Rampage  .   (no ring)
Will     .....                  (no ring)
Stlth    ++++......             (no ring)
HPRegen  0.15/turn              (no ring)
MPRegen  0.14/turn              (no ring)
                                (no ring)
                                (no ring)

@: no status effects
A: almost no armour, stealthy swim, amphibious, 8 rings, constrict 8, camouflage
1, gelatinous body 1
a: no special abilities


You were on level 4 of the Dungeon.
You visited 1 branch of the dungeon, and saw 4 of its levels.

You collected 185 gold pieces.

Inventory:

Hand Weapons
 a - a +2 dagger (weapon)
Missiles
 b - 15 poisoned darts (quivered)
 c - 6 curare-tipped darts
 t - 4 atropa-tipped darts
Jewellery
 e - an uncursed amulet of the acrobat {unknown}
 j - a +4 ring of protection {unknown}
Wands
 o - a wand of digging (6)
Scrolls
 d - 4 scrolls of identify {unknown}
 f - 4 scrolls of enchant armour {unknown}
 g - 2 scrolls of fear {unknown}
 h - a scroll of noise {unknown}
 i - 3 scrolls of teleportation {unknown}
 k - a scroll of enchant weapon {unknown}
 p - a scroll of remove curse {unknown}
 s - a scroll of amnesia {unknown}
Potions
 l - a potion of heal wounds {unknown}
 m - a potion of brilliance {unknown}
 n - a potion of mutation {unknown}
 r - a potion of lignification {unknown}


   Skills:
 - Level 2.0 Fighting
 * Level 5.8 Short Blades
 - Level 2.0 Throwing
 - Level 1.0 Dodging
 - Level 5.3 Stealth
 * Level 4.7 Spellcasting


You had 15 spell levels left.
You didn't know any spells.
Your spell library was empty.

Dungeon Overview and Level Annotations

Branches:
Dungeon (4/15)
 Temple: D:4-7

Altars:
Hepliaklqana

Annotations:
D:4 Duvessa


Innate Abilities, Weirdness & Mutations

You cannot wear most types of armour.
You are very stealthy in the water. (Stealth+)
You are amphibious.
You can wear up to eight rings at the same time.
You can use your tentacles to constrict eight enemies at once.
Your skin changes colour to match your surroundings (Stealth+).
Your rubbery body absorbs attacks. (AC +1, EV +1)


Message History

You are too injured to fight recklessly!
You hit Duvessa but do no damage. You squeeze Duvessa!
Duvessa is heavily wounded.
You constrict Duvessa, but do no damage.
Duvessa misses you.
You hit Duvessa but do no damage. You squeeze Duvessa.
Duvessa is heavily wounded.
You constrict Duvessa. Duvessa hits you with a +0 short sword.
You hit Duvessa but do no damage.
Duvessa is severely wounded.
You constrict Duvessa, but do no damage.
You hit Duvessa but do no damage. You squeeze Duvessa, but do no damage.
Duvessa is severely wounded.
You constrict Duvessa, but do no damage.
Duvessa hits you with a +0 short sword!
* * * LOW HITPOINT WARNING * * *
You hit Duvessa but do no damage.
Duvessa is severely wounded.
You constrict Duvessa. Duvessa hits you with a +0 short sword!
You die...

###+ #. ?##.##
.....#.#.....
.....#.#....##.
....#.#.......
.######....#..#....
.................
P. #.# #......(..#
P.. #.# #......@#
≈P.. #.# #.....e.+
≈≈.# #.# #.......#
P..#
#.###...........
P.#
##.##...###....##
..# #...'...#
#....# ..#
#..##...########
.## #..##....?.. ##
#..##...###.


You could see Duvessa.

Vanquished Creatures
  Sigmund (D:3)
  A howler monkey (D:4)
  3 orc wizards
  An orc priest (D:4)
  Crazy Yiuf (D:3)
  Terence (D:2)
  A worker ant (D:4)
  8 adders
  An adder skeleton (D:4)
  4 dart slugs
  2 worms (D:3)
  3 leopard geckos
  10 orcs
  2 ball pythons (D:3)
  2 giant cockroaches
  14 goblins
  6 hobgoblins
  18 jackals
  9 kobolds
  A quokka (D:2)
  8 bats
  A frilled lizard (D:2)
  7 rats
105 creatures vanquished.

Notes
Turn   | Place    | Note
-------+----------+-------------------------------------------
     0 | D:1      | Zeld the Octopode Brigand began the quest for the Orb.
     0 | D:1      | Reached XP level 1. HP: 14/14 MP: 1/1
   378 | D:1      | Reached XP level 2. HP: 19/19 MP: 3/3
   418 | D:1      | Reached skill level 1 in Spellcasting
   663 | D:1      | Reached XP level 3. HP: 20/24 MP: 3/5
  1209 | D:2      | Reached XP level 4. HP: 16/29 MP: 7/7
  1377 | D:2      | Found a hazy altar of Hepliaklqana.
  1402 | D:2      | Noticed Terence
  1408 | D:2      | Killed Terence
  1411 | D:2      | You fall into a shaft and drop 2 floors!
  1568 | D:4      | Noticed a lemure
  1589 | D:4      | Reached XP level 5. HP: 28/34 MP: 7/9
  1618 | D:4      | Noticed an ogre
  2014 | D:4      | Reached XP level 6. HP: 36/39 MP: 11/11
  2014 | D:4      | Noticed Duvessa
  2445 | D:3      | Noticed Sigmund
  3341 | D:2      | Reached skill level 5 in Short Blades
  4042 | D:3      | Killed Sigmund
  4043 | D:3      | Reached XP level 7. HP: 27/45 MP: 12/14
  4649 | D:3      | Found a runed translucent door.
  4650 | D:3      | Noticed Crazy Yiuf
  4996 | D:3      | Killed Crazy Yiuf
  5222 | D:4      | Slain by Duvessa

Illustrated notes

Levels and vault maps discovered:
D:1:      lightli_arrival_maybe_door_vault, layout_loops_cross
D:2:      layout_basic, nzn_hepliaklqana_mist_gate, uniq_terence
D:3:      layout_basic, minmay_cut_off, uniq_crazy_yiuf_cottage, uniq_sigmund
D:4:      layout_basic, serial_bayou_pond_c, uniq_duvessa, uniq_pikel

Skill      XL: |  1  2  3  4  5  6 |
---------------+-------------------+-----
Spellcasting   | 1 2 3 4 |  4.7
Short Blades   | 3 4 5 |  5.8
Fighting       | |  2.0
Throwing       | |  2.0
Dodging        | |  1.0
Stealth        | |  5.3

Action                   |  1- 3 |  4- 6 |  7- 9 || total
-------------------------+-------+-------+-------++-------
Melee: Dagger            |    61 |   151 |    26 ||   238
       Constrict         |    17 |    43 |     4 ||    64
       Tentacles         |     9 |    36 |    11 ||    56
Throw: Dart              |       |     6 |     1 ||     7
  Use: Potion            |       |     1 |       ||     1
 Stab: Sleeping          |    10 |    10 |     7 ||    27
Armor: Skin              |     5 |     6 |       ||    11
Dodge: Dodged            |    32 |    80 |     5 ||   117
